Map: Аура смерти РВ

Players

ИИ 1 (знаток)

  • Race: Terran Terran
  • Spawn Location: 5:00

Doll - Winner!

  • Race: Protoss Protoss
  • Spawn Location: 11:00

VOD

Have the link to the VOD?

Description

Time

  • Played on: Dec. 21, 2020, 6:28 a.m.
  • Length: 6:00
Show
View Real Time Build Order
Export as new Build Order

ИИ 1 (знаток) Terran 

Build Orders: Command Center First (CC) 

Get SALT Encoding   

  12  0:00  SCV  
  13  0:13  SCV  
  14  0:18  Supply Depot  
  14  0:25  SCV  
  15  0:39  SCV  
  16  0:57  Command Center  
  16  1:03  Refinery  
  16  1:17  Barracks, SCV  
  17  1:26  Refinery  
  17  1:29  SCV  
  18  1:41  SCV  
  18  1:45  Supply Depot  
  19  2:08  Factory  
  19  2:13  Orbital Command  
  19  2:18  SCV  
  20  2:31  SCV  
  21  2:43  SCV  
  22  2:54  Starport  
  22  2:56  SCV  
  22  2:57  Starport  
  23  3:09  SCV  
  24  3:21  SCV  
  25  3:30  Starport Tech Lab  
  25  3:32  Starport Tech Lab  
  25  3:33  SCV  
  26  3:46  SCV  
  33  3:48  Viking  
  27  3:55  Banshee  
  29  3:58  SCV  
  29  4:02  SCV  
  34  4:03  Supply Depot  
  34  4:10  SCV  
  34  4:16  SCV  
  35  4:18  Banshee, Engineering Bay  
  38  4:38  Banshee  
  38  4:40  Barracks Tech Lab  
  36  5:01  Marine, Viking  
  36  5:02  Hellion  
  36  5:03  Supply Depot  
  36  5:05  SCV  
  41  5:19  Marauder  
  40  5:24  Hellion  
  40  5:27  Supply Depot  
  41  5:29  SCV  
  37  5:41  SCV  
Show
View Real Time Build Order
Export as new Build Order

Doll Protoss - Winner!

Build Orders:  

Get SALT Encoding   

  12  0:00  Probe  
  13  0:13  Probe  
  14  0:20  Pylon  
  14  0:25  Probe  
  15  0:31  Assimilator  
  15  0:42  Gateway  
  15  0:43  Probe (Chrono Boost)  
  16  0:55  Probe (Chrono Boost)  
  17  0:59  Pylon  
  17  1:00  Probe (Chrono Boost)  
  18  1:12  Probe  
  19  1:21  Assimilator  
  19  1:24  Probe  
  20  1:30  Zealot  
  22  1:32  Cybernetics Core  
  22  1:37  Probe  
  23  1:49  Probe  
  24  1:56  Pylon  
  24  1:58  Zealot  
  26  2:02  Probe  
  27  2:10  Warp Gate  
  27  2:11  Stargate  
  27  2:14  Probe  
  28  2:28  Gateway  
  28  2:31  Zealot  
  28  2:34  Probe  
  31  2:47  Pylon  
  31  2:49  Probe  
  31  2:50  Void Ray  
  36  2:59  Sentry  
  36  3:05  Probe  
  39  3:11  Pylon  
  39  3:15  Stalker  
  39  3:19  Probe  
  42  3:27  Void Ray  
  46  3:36  Stalker  
  46  3:40  Probe  
  49  3:46  Stalker  
  51  3:54  Pylon  
  51  3:55  Probe  
  52  4:08  Forge  
  52  4:09  Probe  
Tags
 
Add a new tag
Caveats
  • Supply blocks, unpowered buildings, or Contaminate may cause inaccurate times.
  • Supply counts are checked every 10 seconds.